 Dungeon Crawl Stone Soup version 0.21-a0-203-gb066a6e (webtiles) character file.

9293 Alarkh the Cruncher (level 11, -6/78 HPs)
             Began as a Demonspawn Necromancer on Aug 16, 2017.
             Was a High Priest of Okawaru.
             Mangled by an unseen horror (9 damage)
             ... on level 10 of the Dungeon on Aug 19, 2017.
             The game lasted 00:20:27 (14899 turns).

Alarkh the Cruncher (Demonspawn Necromancer)       Turns: 14899, Time: 00:20:27

Health: -6/78      AC: 13    Str: 10    XL:     11   Next: 21%
Magic:  19/19      EV: 14    Int: 23    God:    Okawaru [*****.]
Gold:   580        SH:  0    Dex: 11    Spells: 10/21 levels left

rFire    . . .     SeeInvis .   b - +6 spear "Eroisat" {freeze, rElec rC+++ Int+4 Dex-2}
rCold    + + +     Gourm    .   (no shield)
rNeg     + . .     Faith    .   l - +0 robe
rPois    .         Spirit   .   (no helmet)
rElec    +         Reflect  .   F - +0 cloak
rCorr    .         Harm     .   h - +2 pair of gloves
MR       +....                  A - +0 pair of boots (curse)
Stlth    +++.......             B - amulet of rage
HPRegen  0.23/turn              I - ring of protection from magic
MPRegen  0.16/turn              O - ring of positive energy

@: no status effects
A: talons 1, iridescent scales 3, cold resistance 1, nightstalker 1
a: Heroism, Finesse, Renounce Religion, Evoke Berserk Rage


You were on level 10 of the Dungeon.
You worshipped Okawaru.
Okawaru was extremely pleased with you.
You were hungry.

You visited 2 branches of the dungeon, and saw 11 of its levels.

You collected 670 gold pieces.
You spent 90 gold pieces at shops.

Inventory:

Hand Weapons
 a - a +0 quarterstaff
 b - the +6 spear "Eroisat" (weapon) {freeze, rElec rC+++ Int+4 Dex-2}
   (You found it on level 8 of the Dungeon)

   It has been specially enchanted to freeze those struck by it, causing extra
   injury to most foes and up to half again as much damage against particularly
   susceptible opponents.
   It can also slow down cold-blooded creatures.
   It affects your intelligence (+4).
   It affects your dexterity (-2).
   It renders you almost immune to cold.
   It insulates you from electricity.
 d - a +0 short sword
 q - a +0 mace
 L - the +7 sceptre of Torment
   (You found it on level 6 of the Dungeon)
Armour
 h - a +2 pair of gloves (worn)
 l - a +0 robe (worn)
 u - a +0 large shield
 A - a cursed +0 pair of boots (worn)
 F - a +0 cloak (worn)
Magical Staves
 M - an uncursed staff of earth
Jewellery
 m - a +4 ring of intelligence
 y - an uncursed ring of resist corrosion
 B - an amulet of rage (around neck)
 I - a ring of protection from magic (left hand)
 O - a ring of positive energy (right hand)
Scrolls
 e - a scroll of identify
 f - 3 scrolls of fear
 j - 6 scrolls of teleportation
 n - 3 scrolls of immolation {unknown}
 p - a scroll of blinking {unknown}
 r - 5 scrolls of remove curse
 w - a scroll of enchant armour {unknown}
 x - 2 scrolls of enchant weapon {unknown}
 C - a scroll of magic mapping {unknown}
 D - 2 scrolls of fog {unknown}
 K - 3 scrolls of amnesia {unknown}
 N - a scroll of random uselessness {unknown}
 P - a scroll of noise {unknown}
Potions
 g - a potion of invisibility
 i - a potion of lignification
 o - 4 potions of flight
 s - a potion of agility
 v - a potion of berserk rage
 z - 5 potions of curing
 G - a potion of brilliance
 J - a potion of heal wounds {unknown}
Books
 E - a book of Necromancy

   Spells                             Type                      Level
   a - Pain                           Necromancy                   1
   b - Animate Skeleton               Necromancy                   1
   c - Vampiric Draining              Necromancy                   3
   d - Regeneration                   Charms/Necromancy            3
   e - Animate Dead                   Necromancy                   4
   f - Control Undead                 Necromancy                   4
Comestibles
 c - 4 bread rations
 k - 10 meat rations
 t - 15 fruits
 H - 23 royal jellies


   Skills:
 + Level 4.9 Fighting
 * Level 8.2 Staves
 + Level 4.3 Armour
 + Level 5.3 Dodging
 - Level 1.7 Stealth
 + Level 3.8 Shields
 - Level 5.9 Spellcasting
 - Level 8.0 Necromancy
 + Level 6.8 Invocations
 + Level 4.7 Evocations


You had 10 spell levels left.
You knew the following spells:

 Your Spells              Type           Power        Failure   Level  Hunger
a - Pain                  Necr           ####         1%          1    None
b - Control Undead        Necr           #####.....   3%          4    ###....
c - Regeneration          Chrm/Necr      ####......   4%          3    #......
e - Vampiric Draining     Necr           #####.....   1%          3    #......


Dungeon Overview and Level Annotations

Branches:
Dungeon (10/15)            Temple (1/1) D:5             Orc (0/2) D:10
   Lair: D:8-11

Altars:
Ashenzari
Cheibriados
Dithmenos
Elyvilon
Fedhas
Gozag
Hepliaklqana
Kikubaaqudgha
Makhleb
Nemelex Xobeh
Okawaru
Qazlal
Ru
Sif Muna
Trog
Uskayaw
Vehumet
Wu Jian
Xom
Yredelemnul
Zin
The Shining One

Shops:
D:7 *   D:8 [=(   D:9 ?

Annotations:
D:9 1 exclusion


Innate Abilities, Weirdness & Mutations

You have sharp toenails.
You are completely covered in iridescent scales. (AC +6)
Your flesh is cold resistant. (rC+)
You are slightly more attuned to the shadows.


Message History

Inscribe with what?
Okay, then.
Unknown command.
Key pressed, stopping explore.
You hear a distant blaring wail to the southeast.
Something barely misses you. Something hits you.
* * * LOW HITPOINT WARNING * * *
Deactivating autopickup; reactivate with Ctrl-A.
Something hits you.
* * * LOW HITPOINT WARNING * * *
Something hits you but does no damage. Something hits you but does no damage.
Something hits you but does no damage. Something hits you!
* * * LOW HITPOINT WARNING * * *
Something barely misses you. Something hits you!
You die...

#.#.#
...##'..)..[.).)...
#.#.#
.......≈≈##[.....(.
#.#.#
.......≈≈.#........
#.#)#
.......≈≈.'########
#.#)########.)≈8≈≈≈≈≈
#.#)#....# #..8≈≈≈≈≈≈
#.#[#....###.........
#.#..).[)......###..#
#.#####.[@...........
#.#.....####.)#######
#.#.##..# #......#
#.#..#..# ##.....#
#.#..#..# #.....#
#.#.....# #.....#
#.####.#### #.......
#..)......# ##......
#..........#


There were no monsters in sight!

Vanquished Creatures
  2 two-headed ogres (D:8)
  A kobold demonologist (D:10)
  A queen bee (D:9)
  2 hornets (D:8)
  8 yaks (D:9)
  Grum (D:9)
  A soldier ant (D:8)
  A water moccasin (D:9)
  5 orc warriors
  An ice beast (D:10)
  2 sky beasts
  2 phantoms
  3 black bears
  4 ogres
  4 wolves (D:9)
  5 centaurs
  A big kobold (D:8)
  5 bullfrogs
  A water moccasin zombie (D:5)
  5 scorpions
  2 water moccasin skeletons
  24 killer bees (D:9)
  An electric eel (D:10)
  2 howler monkeys
  3 crimson imps
  A centaur zombie (D:4)
  3 hounds
  7 orc priests
  2 jellies
  A bullfrog skeleton (D:5)
  4 centaur skeletons
  3 iguanas
  12 orc wizards
  Natasha (D:2)
  3 worker ants
  A killer bee zombie (D:6)
  A hound zombie (D:6)
  A hound skeleton (D:7)
  A worker ant zombie (D:7)
  A howler monkey zombie (D:5)
  A howler monkey skeleton (D:9)
  14 adders
  5 shadow imps
  2 oozes
  3 adder skeletons
  2 worms
  5 dart slugs
  2 leopard geckos
  36 orcs
  2 ball pythons
  8 bats
  5 giant cockroaches
  10 goblins
  2 hobgoblins
  8 jackals
  7 kobolds
  3 quokkas
  5 frilled lizards
  A leopard gecko zombie (D:5)
  2 quokka skeletons (D:6)
  A quokka zombie (D:5)
  6 rats
  A bush (D:3)
260 creatures vanquished.

Vanquished Creatures (others)
  An orc (D:10)
1 creature vanquished.

Grand Total: 261 creatures vanquished

Notes
Turn   | Place    | Note
-------+----------+-------------------------------------------
     0 | D:1      | Alarkh the Demonspawn Necromancer began the quest for the Orb.
     0 | D:1      | Reached XP level 1. HP: 13/13 MP: 3/3
   658 | D:1      | Gained mutation: You are slightly more attuned to the shadows. [demonic ancestry]
   658 | D:1      | Reached XP level 2. HP: 17/19 MP: 1/5
  1362 | D:2      | Reached skill level 5 in Necromancy
  1362 | D:2      | Gained mutation: You are partially covered in iridescent scales. (AC +2) [demonic ancestry]
  1362 | D:2      | Reached XP level 3. HP: 22/24 MP: 4/7
  1592 | D:2      | Noticed Natasha
  1599 | D:2      | Killed Natasha
  1773 | D:2      | Gained mutation: You are mostly covered in iridescent scales. (AC +4) [demonic ancestry]
  1773 | D:2      | Reached XP level 4. HP: 28/30 MP: 4/8
  1831 | D:2      | Found a basalt altar of Yredelemnul.
  2056 | D:2      | Found a white marble altar of Elyvilon.
  2391 | D:3      | Found a glowing golden altar of the Shining One.
  2478 | D:3      | Learned a level 3 spell: Vampiric Draining
  2482 | D:3      | Learned a level 3 spell: Regeneration
  2820 | D:3      | Gained mutation: You have sharp toenails. [demonic ancestry]
  2820 | D:3      | Reached XP level 5. HP: 33/35 MP: 6/10
  3182 | D:3      | Found a stormy altar of Qazlal.
  3346 | D:3      | Reached skill level 1 in Staves
  3942 | D:4      | Learned a level 4 spell: Control Undead
  3969 | D:4      | Reached XP level 6. HP: 35/41 MP: 5/12
  4985 | D:5      | Entered Level 5 of the Dungeon
  5229 | D:5      | Found a staircase to the Ecumenical Temple.
  5247 | Temple   | Entered the Ecumenical Temple
  5332 | Temple   | Became a worshipper of Warmaster Okawaru
  5406 | D:5      | Gained mutation: You are completely covered in iridescent scales. (AC +6) [demonic ancestry]
  5406 | D:5      | Reached XP level 7. HP: 44/46 MP: 9/14
  5707 | D:5      | Found a bloodstained altar of Trog.
  6124 | D:5      | Reached skill level 5 in Spellcasting
  6291 | D:6      | Found a glowing golden altar of the Shining One.
  6462 | D:6      | Noticed a hand axe
  6464 | D:6      | Found a hide-covered altar of Uskayaw.
  6466 | D:6      | Noticed a hand axe
  6489 | D:6      | Reached * piety under Okawaru
  6489 | D:6      | Gained mutation: Your flesh is cold resistant. (rC+) [demonic ancestry]
  6489 | D:6      | Reached XP level 8. HP: 42/52 MP: 12/16
  7345 | D:6      | Reached skill level 1 in Invocations
  7447 | D:6      | Reached skill level 1 in Fighting
  7529 | D:6      | Found a blossoming altar of Fedhas.
  7541 | D:6      | Found the +7 sceptre of Torment
  7947 | D:6      | Reached skill level 1 in Evocations
  8444 | D:7      | Reached skill level 5 in Staves
  8444 | D:7      | Reached skill level 1 in Armour
  8553 | D:7      | Found Zin's Purification Station.
  8557 | D:7      | Found a glowing silver altar of Zin.
  8626 | D:7      | Found an ornate altar of the Wu Jian Council.
  8648 | D:7      | Found a shadowy altar of Dithmenos.
  9238 | D:8      | Reached ** piety under Okawaru
  9276 | D:8      | Noticed a two-headed ogre
  9575 | D:8      | Upgraded the game from 0.21-a0-200-gb89f83b to 0.21-a0-201-g8501b10
  9580 | D:8      | Found Juim's Jewellery Shoppe.
  9587 | D:8      | Reached XP level 9. HP: 46/61 MP: 9/17
  9766 | D:8      | Killed a two-headed ogre
  9766 | D:8      | Reached skill level 1 in Shields
 10013 | D:8      | Reached *** piety under Okawaru
 10133 | D:8      | Found Fewe's Antique Weapon Boutique.
 10674 | D:8      | Noticed a two-headed ogre
 10715 | D:8      | Killed a two-headed ogre
 10715 | D:8      | Reached XP level 10. HP: 18/70 MP: 4/18
 11005 | D:8      | Found Tacko's Antique Armour Emporium.
 11043 | D:8      | Reached skill level 5 in Invocations
 11411 | D:8      | Got a crude spear
 11412 | D:8      | Identified the +6 spear "Eroisat" {freeze, rElec rC+++ Int+4 Dex-2} (You found it on level 8 of the Dungeon)
 11830 | D:9      | Reached **** piety under Okawaru
 12367 | D:9      | Found Jogimit's Magic Scroll Shoppe.
 12381 | D:9      | Bought a scroll of teleportation for 45 gold pieces
 12381 | D:9      | Bought a scroll of teleportation for 45 gold pieces
 12915 | D:9      | Noticed Grum
 12934 | D:9      | Killed Grum
 13814 | D:9      | Reached skill level 5 in Dodging
 13815 | D:9      | Reached ***** piety under Okawaru
 13815 | D:9      | Reached XP level 11. HP: 45/78 MP: 15/19
 14015 | D:10     | Entered Level 10 of the Dungeon
 14482 | D:10     | Upgraded the game from 0.21-a0-201-g8501b10 to 0.21-a0-203-gb066a6e
 14576 | D:10     | Found a staircase to the Orcish Mines.
 14801 | D:10     | Noticed a sun demon
 14897 | D:10     | HP: 3/78 [something (12)]
 14899 | D:10     | Mangled by an unseen horror

Vault maps used:
D:1:      lightli_iron_boxes, minmay_distorted
D:2:      kennysheep_ying_yang, uniq_natasha
D:3:      overflow_temple_1_default, serial_forest,
          infiniplex_forest_clump_tiny, infiniplex_forest_fountain,
          infiniplex_forest_straight_2, infiniplex_forest_lined_3_way,
          infiniplex_forest_straight_2, infiniplex_forest_end_3,
          infiniplex_forest_diagonal, infiniplex_forest_clump_double,
          infiniplex_forest_straight_2, grunt_qazlal_clouds
D:4:      guppyfry_early_lair_pool
D:5:      nicolae_overflow_crystal_walls, minmay_temple_entry_trees, first_bread
D:6:      lemuel_doored_altar, dancing_weapons_uskayaw, tso_metal_star
D:7:      zin_purify, kennysheep_mini, lemuel_crystal_altar
D:8:      serial_shops, shop_fountains, shop, shop, hangedman_pestilent_swarm
D:9:      serial_shops, shop_scrolls, item_on_display_a, uniq_grum
D:10:     erik_lair_orcish_takeover, erik_orc_2
Temple:   nicolae_temple_god_jail

Skill      XL: |  1  2  3  4  5  6  7  8  9 10 |
---------------+-------------------------------+-----
Necromancy     | 5 6 7 8 |  8.0
Spellcasting   | 3 4 5 |  5.9
Staves         | 1 2 4 5 6 8 |  8.2
Dodging        | 2 3 5 |  5.3
Invocations    | 2 4 6 |  6.8
Fighting       | 2 3 4 |  4.9
Evocations     | 1 3 4 |  4.7
Armour         | 1 3 4 |  4.3
Shields        | 2 3 |  3.8
Stealth        | |  1.7

Action                   |  1- 3 |  4- 6 |  7- 9 | 10-12 || total
-------------------------+-------+-------+-------+-------++-------
Melee: Unarmed           |     1 |       |       |       ||     1
       Short sword       |     4 |       |       |       ||     4
       Quarterstaff      |       |   141 |   280 |    31 ||   452
       Kick              |       |    57 |    24 |       ||    81
       Spear             |       |       |       |   435 ||   435
 Cast: Pain              |    47 |   116 |   101 |    47 ||   311
       Regeneration      |       |       |     2 |       ||     2
       Vampiric Draining |       |       |    24 |    52 ||    76
Invok: Heroism           |       |       |     3 |     4 ||     7
 Abil: Evoke Berserk Rag |       |       |     1 |       ||     1
  Use: Scroll            |       |     4 |     5 |       ||     9
       Potion            |       |       |     2 |     2 ||     4
 Stab: Distracted        |       |     1 |       |       ||     1
       Sleeping          |       |       |     3 |     9 ||    12
  Eat: Chunk             |     3 |    11 |    13 |    15 ||    42
       Fruit             |       |       |     3 |       ||     3
       Royal jelly       |       |       |     1 |       ||     1
Armor: Robe              |     4 |    37 |   130 |   122 ||   293
       Skin              |       |       |    24 |       ||    24
Dodge: Dodged            |     9 |    52 |   189 |   372 ||   622
